Lightning vs Sharks

Created - 3 avril 2024 at 08:33

Goals
1 2 3 T
Lightning 1 1 0 2
Sharks 2 1 0 3
Shots
1 2 3 T
Lightning 15 16 8 39
Sharks 16 8 15 39

GoalsPenalties
1st period
1. Sharks , Alex Pietrangelo 3 (Brandon Tanev 12, Joseph Veleno 10) at 10:32
2. Lightning , Leo Carlsson 12 (Zach Whitecloud 9, Martin Necas 31) at 11:52
3. Sharks , Mason McTavish 14 (Boone Jenner 19, Joshua Norris 38) at 12:00
Riley Stillman (TAM) for Hooking (Minor) at 1:49
2nd period
4. Sharks , Lukas Reichel 13 (Calvin De Haan 8) at 8:31
5. Lightning , Zach Whitecloud 2 (Morgan Geekie 13, Zachary Werenski 33) at 13:07
No Penalty
3rd period
No Goal
Nicolas Deslauriers (TAM) for High sticking (Minor) at 10:28
Goalie Stats
Joseph Woll (TAM), 36 saves from 39 shots - (0,923), L, 14-13-8, 59:37 minutes
Ukko-Pekka Luukkonen (SJS), 37 saves from 39 shots - (0,949), W, 10-9-3, 60:00 minutes
3 StarsOfficial
1 - Ukko-Pekka Luukkonen (SJS)
2 - Zach Whitecloud (TAM)
3 - Alex Pietrangelo (SJS)
Referees : Brandon Blandina and Troy Paterson
Linesman : Matt Brady and Jesse Marquis
Game Note
No Game Note
Finance
Level 1 -- Attendance: 5798 (96,63%) -- Ticket Income $579,800
Level 2 -- Attendance: 4574 (91,48%) -- Ticket Income $274,440
Level 3 -- Attendance: 1806 (90,30%) -- Ticket Income $63,210
Level 4 -- Attendance: 3779 (94,48%) -- Ticket Income $75,580
Luxury Box -- Attendance: 897 (89,70%) -- Ticket Income $179,400
Game was played at the Wananiche.
Total Attendance: 16854 (93,63%)
Total Ticket Income: $1,172,430
Other Income: $574,491
Total Income: $1,746,921



Team Name Goals Shots Shots Attemp Shots Blocked PIM HIT PP PK FO%
Lightning 2397294270 / 0 (0,00%034%
Sharks 33959150270 / 2 (0%)066%

Lightning
Player Name POS G A P +/- PIM HIT SHT SB MP PP MP PP SHT PK MP PK SHT FO% FOT GA TA
Connor McDavidC/LW0000004113:580:0000:00045% 1110
Evgeni DadonovLW/RW000-1011215:390:0000:0000% 000
Filip ChytilC/LW/RW0000002114:100:0000:0000% 011
Frederick GaudreauC000-1011017:450:0002:06043% 1401
Jordan SpenceD000-1000017:350:0000:0000% 001
Klim KostinLW/RW0000002012:590:0000:00050% 200
Leo CarlssonC1010012214:100:0000:00010% 1000
Logan O'ConnorRW0000021014:070:0001:52050% 200
Martin NecasC/LW/RW0110042015:090:0000:0000% 100
Miro HeiskanenD000-1002019:330:0002:1100% 001
Mitchell MarnerRW000-1025018:370:0001:5200% 320
Morgan GeekieC/RW0110020014:140:0002:06044% 900
Nicolas DeslauriersLW/D0000231013:010:0000:0000% 000
Nikita ZadorovD000-2042224:060:0002:0000% 000
Riley StillmanD000-1230017:380:0000:0000% 000
William CarrierLW0000013012:080:0000:0000% 110
Zach WhitecloudD1121024022:520:0001:4700% 000
Zachary WerenskiD0112017118:190:0001:5800% 000
Sharks
Player Name POS G A P +/- PIM HIT SHT SB MP PP MP PP SHT PK MP PK SHT FO% FOT GA TA
Alex PietrangeloD1011023120:272:1100:0000% 000
Boone JennerC/LW/RW0110014117:521:4600:0000% 110
Brandon TanevLW/RW011104117:200:0000:0000% 100
Brett KulakD0000032319:472:1100:0000% 001
Calvin De HaanD0110030116:200:0000:0000% 001
Dylan LarkinC/LW/RW000-1013020:442:1200:00050% 200
Jonathan HuberdeauC/LW/RW000-1003019:171:4610:0000% 200
Joseph VelenoC011101207:200:0000:0000% 000
Joshua NorrisC0110010017:192:1200:00093% 1402
Justin BraunD0001023218:450:0000:0000% 000
K'Andre MillerD0000001221:281:4700:0000% 000
Kasperi KapanenLW/RW0001002015:040:0000:0000% 020
Lukas ReichelLW/RW1011013115:040:0000:0000% 001
Mason McTavishC/LW1010024017:192:1200:0000% 200
Oliver WahlstromRW000101007:200:0000:0000% 000
Robert ThomasC/RW000-1011220:171:4600:00074% 1910
Shea TheodoreD0000042123:131:4700:0000% 000
Travis BoydC/RW0001005015:040:0000:00058% 1200

Lightning

5 vs 5 Forward
Line #Left WingCenterRight WingPHYDFOFWanted %Time %Time Play
1Evgeni DadonovFrederick GaudreauMitchell Marner0142828%15:39
2Filip ChytilLeo CarlssonMartin Necas0232826%14:17
3Nicolas DeslauriersConnor McDavidKlim Kostin0232224%12:59
4William CarrierMorgan GeekieLogan O'Connor0322222%12:08
5 vs 5 Defense
Line #DefenseDefensePHYDFOFWanted %Time %Time Play
1Nikita ZadorovMiro Heiskanen1223028%15:27
2Zachary WerenskiZach Whitecloud1223028%15:29
3Riley StillmanJordan Spence1222531%17:14
4Nikita ZadorovZach Whitecloud2301513%6:53
Power Play Forward
Line #Left WingCenterRight WingPHYDFOFWanted %Time %Time Play
1Filip ChytilLeo CarlssonMartin Necas014600%0:00
2Evgeni DadonovFrederick GaudreauMitchell Marner014400%0:00
Power Play Defense
Line #DefenseDefensePHYDFOFWanted %Time %Time Play
1Miro HeiskanenZachary Werenski023500%0:00
2Riley StillmanJordan Spence023500%0:00
Penalty Kill 4 Players Forward
Line #CenterWingPHYDFOFWanted %Time %Time Play
1Frederick GaudreauMorgan Geekie0505053%2:06
2Mitchell MarnerLogan O'Connor0505047%1:52
Penalty Kill 4 Players Defense
Line #DefenseDefensePHYDFOFWanted %Time %Time Play
1Zachary WerenskiZach Whitecloud1405550%1:58
2Nikita ZadorovMiro Heiskanen1404550%2:00
Penalty Kill 3 Players
Line #WingPHYDFOFWanted %Time %Time PlayDefenseDefensePHYDFOFWanted %Time %Time Play
1Frederick Gaudreau050500%0:00 Zachary WerenskiZach Whitecloud050500%0:00
2Mitchell Marner050500%0:00 Nikita ZadorovMiro Heiskanen050500%0:00
4 vs 4 Forward
Line #CenterWingPHYDFOFWanted %Time %Time Play
1Martin NecasFilip Chytil122600%0:00
2Connor McDavidMitchell Marner122400%0:00
4 vs 4 Defense
Line #DefensePHYDFOFWanted %Time %Time Play
1Miro HeiskanenNikita Zadorov122500%0:00
2Zachary WerenskiZach Whitecloud122500%0:00
Last Minutes Offensive
Left WingCenterRight WingDefenseDefense
Martin NecasConnor McDavidMitchell MarnerMiro HeiskanenZachary Werenski
Last Minutes Defensive
Left WingCenterRight WingDefenseDefense
Filip ChytilLeo CarlssonConnor McDavidNikita ZadorovZach Whitecloud
Time
Total ForwardTotal DefenseLast Minutes OffensiveLast Minutes Defensive
60:00 60:00 0:590:00
Extra Forwards
Normal PowerPlayPenalty Kill
Martin Necas, Mitchell Marner, Filip ChytilFilip Chytil, Mitchell MarnerFrederick Gaudreau
Extra Defensemen
Normal PowerPlayPenalty Kill
Miro Heiskanen, Zachary Werenski, Zach WhitecloudMiro Heiskanen, Zachary WerenskiZach Whitecloud
Penalty Shots
Mitchell Marner, Leo Carlsson, Martin Necas, Filip Chytil, Miro Heiskanen
Goalie
Joseph Woll, Petr Mrazek
Custom OT Lines Forwards
Connor McDavid, Mitchell Marner, Martin Necas, Filip Chytil, Leo Carlsson, Nicolas Deslauriers, Frederick Gaudreau, Evgeni Dadonov, Morgan Geekie, Logan O'Connor
Custom OT Lines Defensemen
Miro Heiskanen, Zachary Werenski, Nikita Zadorov, Zach Whitecloud, Riley Stillman
Scratches
Alexander Nylander (Healthy), Daniel Sprong (Healthy), Taylor Gauthier (Healthy)

Sharks

5 vs 5 Forward
Line #Left WingCenterRight WingPHYDFOFWanted %Time %Time Play
1Jonathan HuberdeauRobert ThomasDylan Larkin0233332%17:32
2Mason McTavishJoshua NorrisBoone Jenner0233127%15:06
3Kasperi KapanenTravis BoydLukas Reichel0232727%15:04
4Brandon TanevJoseph VelenoOliver Wahlstrom032913%7:20
5 vs 5 Defense
Line #DefenseDefensePHYDFOFWanted %Time %Time Play
1Alex PietrangeloJustin Braun0233534%18:47
2Shea TheodoreK'Andre Miller0323534%18:53
3Calvin De HaanBrett Kulak0322428%15:37
4Brett KulakShea Theodore04163%1:45
Power Play Forward
Line #Left WingCenterRight WingPHYDFOFWanted %Time %Time Play
1Dylan LarkinJoshua NorrisMason McTavish0145555%2:12
2Jonathan HuberdeauRobert ThomasBoone Jenner0144545%1:46
Power Play Defense
Line #DefenseDefensePHYDFOFWanted %Time %Time Play
1Alex PietrangeloBrett Kulak0235555%2:11
2Shea TheodoreK'Andre Miller0234545%1:47
Penalty Kill 4 Players Forward
Line #CenterWingPHYDFOFWanted %Time %Time Play
1Boone JennerBrandon Tanev041550%0:00
2Robert ThomasDylan Larkin041450%0:00
Penalty Kill 4 Players Defense
Line #DefenseDefensePHYDFOFWanted %Time %Time Play
1Alex PietrangeloBrett Kulak050550%0:00
2Brett KulakK'Andre Miller050450%0:00
Penalty Kill 3 Players
Line #WingPHYDFOFWanted %Time %Time PlayDefenseDefensePHYDFOFWanted %Time %Time Play
1Boone Jenner050550%0:00 Alex PietrangeloBrett Kulak050550%0:00
2Robert Thomas050450%0:00 Justin BraunK'Andre Miller050450%0:00
4 vs 4 Forward
Line #CenterWingPHYDFOFWanted %Time %Time Play
1Boone JennerJonathan Huberdeau032550%0:00
2Dylan LarkinKasperi Kapanen032450%0:00
4 vs 4 Defense
Line #DefensePHYDFOFWanted %Time %Time Play
1Alex PietrangeloShea Theodore032550%0:00
2Brett KulakK'Andre Miller032450%0:00
Last Minutes Offensive
Left WingCenterRight WingDefenseDefense
Jonathan HuberdeauDylan LarkinBoone JennerAlex PietrangeloShea Theodore
Last Minutes Defensive
Left WingCenterRight WingDefenseDefense
Boone JennerDylan LarkinRobert ThomasBrett KulakAlex Pietrangelo
Time
Total ForwardTotal DefenseLast Minutes OffensiveLast Minutes Defensive
60:00 60:00 0:001:00
Extra Forwards
Normal PowerPlayPenalty Kill
Dylan Larkin, Boone Jenner, Jonathan HuberdeauBoone Jenner, Dylan LarkinJonathan Huberdeau
Extra Defensemen
Normal PowerPlayPenalty Kill
K'Andre Miller, Shea Theodore, Justin BraunK'Andre Miller, Justin BraunK'Andre Miller
Penalty Shots
Joshua Norris, Boone Jenner, Dylan Larkin, Mason McTavish, Jonathan Huberdeau
Goalie
Ukko-Pekka Luukkonen, Darcy Kuemper
Custom OT Lines Forwards
Jonathan Huberdeau, Joshua Norris, Dylan Larkin, Boone Jenner, Lukas Reichel, Robert Thomas, Travis Boyd, Mason McTavish, Brandon Tanev, Kasperi Kapanen
Custom OT Lines Defensemen
Alex Pietrangelo, Shea Theodore, Justin Braun, K'Andre Miller, Brett Kulak
Scratches
None


Play-by-Play

1st period


0:01 of 1st period - Frederick Gaudreau wins face-off versus Jonathan Huberdeau in neutral zone.
0:04 of 1st period - Snap shot by Mitchell Marner.
0:04 of 1st period - Shot Misses the Net.
0:10 of 1st period - Snap shot by Dylan Larkin.
0:10 of 1st period - Stopped by Joseph Woll with a rebound.
0:12 of 1st period - Wrist shot by Robert Thomas.
0:12 of 1st period - Shot Misses the Net.
0:26 of 1st period - Joshua Norris is hit by Leo Carlsson and loses puck.
1:14 of 1st period - Nikita Zadorov is hit by Oliver Wahlstrom and loses puck.
1:30 of 1st period - Icing by Robert Thomas.
1:31 of 1st period - Robert Thomas wins face-off versus Frederick Gaudreau in Sharks zone.
1:38 of 1st period - Wrist shot by Dylan Larkin.
1:38 of 1st period - Shot Blocked by Evgeni Dadonov.
1:40 of 1st period - Slapshot by Justin Braun.
1:40 of 1st period - Stopped by Joseph Woll with a rebound.
1:42 of 1st period - Slapshot by Alex Pietrangelo.
1:42 of 1st period - Shot Misses the Net.
1:44 of 1st period - Backhand shot by Justin Braun.
1:44 of 1st period - Stopped by Joseph Woll without a rebound.
1:45 of 1st period - Joshua Norris wins face-off versus Leo Carlsson in Lightning zone.
1:49 of 1st period - Minor Penalty to Riley Stillman for Hooking.
1:50 of 1st period - Joshua Norris wins face-off versus Morgan Geekie in Lightning zone.
2:00 of 1st period - Snap shot by Dylan Larkin.
2:00 of 1st period - Shot Misses the Net.
2:41 of 1st period - Dylan Larkin is hit by Logan O'Connor and loses puck.
3:49 of 1st period - Penalty to Riley Stillman is over, Riley Stillman is back on ice.
3:56 of 1st period - Shea Theodore is hit by Riley Stillman and loses puck.
4:24 of 1st period - Wrist shot by Joseph Veleno.
4:24 of 1st period - Stopped by Joseph Woll with a rebound.
4:26 of 1st period - Slapshot by Joseph Veleno.
4:26 of 1st period - Shot Blocked by Connor McDavid.
6:27 of 1st period - Boone Jenner is hit by Evgeni Dadonov and loses puck.
6:55 of 1st period - Snap shot by Zachary Werenski.
6:55 of 1st period - Deflect By William Carrier.
6:55 of 1st period - Shot Hit the Post.
6:55 of 1st period - Puck is out of play.
6:56 of 1st period - Travis Boyd wins face-off versus Morgan Geekie in Sharks zone.
7:09 of 1st period - Snap shot by Travis Boyd.
7:09 of 1st period - Stopped by Joseph Woll with a rebound.
7:22 of 1st period - Boone Jenner is hit by Frederick Gaudreau and loses puck.
7:29 of 1st period - Snap shot by Mitchell Marner.
7:29 of 1st period - Stopped by Ukko-Pekka Luukkonen with a rebound.
7:31 of 1st period - Snap shot by Mitchell Marner.
7:31 of 1st period - Stopped by Ukko-Pekka Luukkonen with a rebound.
7:33 of 1st period - Slapshot by Zachary Werenski.
7:33 of 1st period - Stopped by Ukko-Pekka Luukkonen without a rebound.
7:34 of 1st period - Robert Thomas wins face-off versus Martin Necas in Sharks zone.
7:34 of 1st period - Robert Thomas is hit by Zachary Werenski.
7:39 of 1st period - Off-side.
7:40 of 1st period - Robert Thomas wins face-off versus Leo Carlsson in neutral zone.
8:31 of 1st period - Wrist shot by Nicolas Deslauriers.
8:31 of 1st period - Stopped by Ukko-Pekka Luukkonen without a rebound.
8:32 of 1st period - Connor McDavid wins face-off versus Travis Boyd in Sharks zone.
8:41 of 1st period - Snap shot by Klim Kostin.
8:41 of 1st period - Stopped by Ukko-Pekka Luukkonen without a rebound.
8:42 of 1st period - Joshua Norris wins face-off versus Morgan Geekie in Sharks zone.
8:55 of 1st period - Snap shot by Boone Jenner.
8:55 of 1st period - Shot Misses the Net.
8:57 of 1st period - Snap shot by Mason McTavish.
8:57 of 1st period - Stopped by Joseph Woll with a rebound.
8:59 of 1st period - Snap shot by K'Andre Miller.
8:59 of 1st period - Stopped by Joseph Woll with a rebound.
9:16 of 1st period - Snap shot by Logan O'Connor.
9:16 of 1st period - Shot Blocked by Lukas Reichel.
9:18 of 1st period - Wrist shot by Logan O'Connor.
9:18 of 1st period - Stopped by Ukko-Pekka Luukkonen without a rebound.
9:19 of 1st period - Robert Thomas wins face-off versus Frederick Gaudreau in Sharks zone.
10:30 of 1st period - Slapshot by Joseph Veleno.
10:30 of 1st period - Deflect By Brandon Tanev.
10:30 of 1st period - Stopped by Joseph Woll with a rebound.
10:32 of 1st period - Slapshot by Alex Pietrangelo.
10:32 of 1st period - Goal by Alex Pietrangelo - Lightning : 0 - Sharks : 1.
10:33 of 1st period - Robert Thomas wins face-off versus Mitchell Marner in neutral zone.
11:23 of 1st period - Slapshot by Filip Chytil.
11:23 of 1st period - Stopped by Ukko-Pekka Luukkonen without a rebound.
11:24 of 1st period - Travis Boyd wins face-off versus Connor McDavid in Sharks zone.
11:33 of 1st period - Snap shot by Klim Kostin.
11:33 of 1st period - Stopped by Ukko-Pekka Luukkonen without a rebound.
11:34 of 1st period - Robert Thomas wins face-off versus Frederick Gaudreau in Sharks zone.
11:44 of 1st period - Off-side.
11:45 of 1st period - Leo Carlsson wins face-off versus Robert Thomas in neutral zone.
11:48 of 1st period - Wrist shot by Leo Carlsson.
11:48 of 1st period - Shot Misses the Net.
11:50 of 1st period - Wrist shot by Zach Whitecloud.
11:50 of 1st period - Shot Misses the Net.
11:52 of 1st period - Snap shot by Leo Carlsson.
11:52 of 1st period - Deflect By Robert Thomas.
11:52 of 1st period - Goal by Leo Carlsson - Lightning : 1 - Sharks : 1.
11:53 of 1st period - Joshua Norris wins face-off versus Mitchell Marner in neutral zone.
12:00 of 1st period - Wrist shot by Mason McTavish.
12:00 of 1st period - Goal by Mason McTavish - Lightning : 1 - Sharks : 2.
12:01 of 1st period - Robert Thomas wins face-off versus Klim Kostin in neutral zone.
12:06 of 1st period - Slapshot by Dylan Larkin.
12:06 of 1st period - Stopped by Joseph Woll with a rebound.
12:28 of 1st period - Brett Kulak is hit by Martin Necas and loses puck.
12:51 of 1st period - Snap shot by Kasperi Kapanen.
12:51 of 1st period - Deflect By Travis Boyd.
12:51 of 1st period - Shot Misses the Net.
12:51 of 1st period - Puck is out of play.
12:52 of 1st period - Frederick Gaudreau wins face-off versus Travis Boyd in Lightning zone.
13:03 of 1st period - Snap shot by Mitchell Marner.
13:03 of 1st period - Shot Misses the Net.
13:36 of 1st period - Snap shot by Lukas Reichel.
13:36 of 1st period - Shot Blocked by Filip Chytil.
13:38 of 1st period - Snap shot by Kasperi Kapanen.
13:38 of 1st period - Shot Blocked by Nikita Zadorov.
13:40 of 1st period - Slapshot by Alex Pietrangelo.
13:40 of 1st period - Deflect By Martin Necas.
13:40 of 1st period - Stopped by Joseph Woll with a rebound.
13:42 of 1st period - Slapshot by Shea Theodore.
13:42 of 1st period - Shot Blocked by Leo Carlsson.
13:48 of 1st period - Wrist shot by Travis Boyd.
13:48 of 1st period - Stopped by Joseph Woll with a rebound.
13:50 of 1st period - Slapshot by Brett Kulak.
13:50 of 1st period - Stopped by Joseph Woll without a rebound.
13:51 of 1st period - Morgan Geekie wins face-off versus Robert Thomas in Lightning zone.
14:16 of 1st period - Snap shot by Mitchell Marner.
14:16 of 1st period - Stopped by Ukko-Pekka Luukkonen with a rebound.
14:18 of 1st period - Slapshot by Frederick Gaudreau.
14:18 of 1st period - Stopped by Ukko-Pekka Luukkonen with a rebound.
14:20 of 1st period - Slapshot by Mitchell Marner.
14:20 of 1st period - Stopped by Ukko-Pekka Luukkonen with a rebound.
14:38 of 1st period - Wrist shot by Zachary Werenski.
14:38 of 1st period - Stopped by Ukko-Pekka Luukkonen with a rebound.
14:40 of 1st period - Slapshot by Zachary Werenski.
14:40 of 1st period - Shot Blocked by Brandon Tanev.
14:42 of 1st period - Snap shot by Connor McDavid.
14:42 of 1st period - Stopped by Ukko-Pekka Luukkonen with a rebound.
14:44 of 1st period - Slapshot by Nicolas Deslauriers.
14:44 of 1st period - Shot Blocked by K'Andre Miller.
15:00 of 1st period - Snap shot by Jonathan Huberdeau.
15:00 of 1st period - Stopped by Joseph Woll without a rebound.
15:01 of 1st period - Robert Thomas wins face-off versus Frederick Gaudreau in Lightning zone.
15:22 of 1st period - Snap shot by Robert Thomas.
15:22 of 1st period - Stopped by Joseph Woll without a rebound.
15:23 of 1st period - Joshua Norris wins face-off versus Morgan Geekie in Lightning zone.
15:48 of 1st period - Calvin De Haan is hit by Riley Stillman and loses puck.
16:15 of 1st period - Mitchell Marner is hit by Justin Braun and loses puck.
16:42 of 1st period - Nikita Zadorov is hit by Joseph Veleno and loses puck.
17:59 of 1st period - Riley Stillman is hit by Alex Pietrangelo.
18:05 of 1st period - Lukas Reichel is hit by Nicolas Deslauriers and loses puck.
18:40 of 1st period - Backhand shot by Miro Heiskanen.
18:40 of 1st period - Stopped by Ukko-Pekka Luukkonen with a rebound.
18:42 of 1st period - Wrist shot by William Carrier.
18:42 of 1st period - Shot Misses the Net.
18:44 of 1st period - Snap shot by Morgan Geekie.
18:44 of 1st period - Shot Blocked by Justin Braun.
Goals for this period are 1 for Lightning vs 2 for Sharks.
Shots for this period are 15 for Lightning vs 16 for Sharks.

2nd period


0:01 of 2nd period - Joshua Norris wins face-off versus Frederick Gaudreau in neutral zone.
0:26 of 2nd period - Logan O'Connor is hit by Shea Theodore and loses puck.
0:53 of 2nd period - Wrist shot by Jonathan Huberdeau.
0:53 of 2nd period - Stopped by Joseph Woll with a rebound.
0:55 of 2nd period - Slapshot by Shea Theodore.
0:55 of 2nd period - Stopped by Joseph Woll without a rebound.
0:56 of 2nd period - Connor McDavid wins face-off versus Boone Jenner in Lightning zone.
1:13 of 2nd period - Wrist shot by Boone Jenner.
1:13 of 2nd period - Stopped by Joseph Woll without a rebound.
1:14 of 2nd period - Frederick Gaudreau wins face-off versus Jonathan Huberdeau in Lightning zone.
1:29 of 2nd period - Slapshot by Zachary Werenski.
1:29 of 2nd period - Stopped by Ukko-Pekka Luukkonen with a rebound.
1:41 of 2nd period - Mason McTavish is hit by Zach Whitecloud and loses puck.
2:07 of 2nd period - Kasperi Kapanen is hit by Morgan Geekie and loses puck.
3:20 of 2nd period - Snap shot by Leo Carlsson.
3:20 of 2nd period - Stopped by Ukko-Pekka Luukkonen without a rebound.
3:21 of 2nd period - Robert Thomas wins face-off versus Logan O'Connor in Sharks zone.
3:21 of 2nd period - Robert Thomas is hit by Nikita Zadorov.
3:47 of 2nd period - Mason McTavish is hit by Mitchell Marner and loses puck.
4:42 of 2nd period - Connor McDavid is hit by Brandon Tanev and loses puck.
4:59 of 2nd period - Wrist shot by William Carrier.
4:59 of 2nd period - Deflect By Morgan Geekie.
4:59 of 2nd period - Shot Misses the Net.
4:59 of 2nd period - Puck is out of play.
5:00 of 2nd period - Frederick Gaudreau wins face-off versus Robert Thomas in Sharks zone.
5:01 of 2nd period - Wrist shot by Mitchell Marner.
5:01 of 2nd period - Stopped by Ukko-Pekka Luukkonen with a rebound.
5:36 of 2nd period - Wrist shot by Mason McTavish.
5:36 of 2nd period - Stopped by Joseph Woll with a rebound.
5:44 of 2nd period - Boone Jenner is hit by Martin Necas and loses puck.
6:05 of 2nd period - Wrist shot by Klim Kostin.
6:05 of 2nd period - Shot Blocked by Alex Pietrangelo.
6:44 of 2nd period - Wrist shot by Logan O'Connor.
6:44 of 2nd period - Shot Misses the Net.
6:46 of 2nd period - Slapshot by William Carrier.
6:46 of 2nd period - Shot Misses the Net.
6:48 of 2nd period - Wrist shot by William Carrier.
6:48 of 2nd period - Stopped by Ukko-Pekka Luukkonen without a rebound.
6:49 of 2nd period - Joshua Norris wins face-off versus Leo Carlsson in Sharks zone.
6:49 of 2nd period - Joshua Norris is hit by Martin Necas.
7:03 of 2nd period - Snap shot by Boone Jenner.
7:03 of 2nd period - Stopped by Joseph Woll with a rebound.
7:38 of 2nd period - Snap shot by Connor McDavid.
7:38 of 2nd period - Shot Blocked by Brett Kulak.
7:40 of 2nd period - Snap shot by Klim Kostin.
7:40 of 2nd period - Shot Blocked by Calvin De Haan.
7:42 of 2nd period - Slapshot by Zach Whitecloud.
7:42 of 2nd period - Deflect By Robert Thomas.
7:42 of 2nd period - Stopped by Ukko-Pekka Luukkonen with a rebound.
7:44 of 2nd period - Slapshot by Zachary Werenski.
7:44 of 2nd period - Shot Blocked by Robert Thomas.
7:46 of 2nd period - Snap shot by Connor McDavid.
7:46 of 2nd period - Stopped by Ukko-Pekka Luukkonen without a rebound.
7:47 of 2nd period - Frederick Gaudreau wins face-off versus Joshua Norris in Sharks zone.
8:18 of 2nd period - Snap shot by Filip Chytil.
8:18 of 2nd period - Deflect By Martin Necas.
8:18 of 2nd period - Stopped by Ukko-Pekka Luukkonen without a rebound.
8:19 of 2nd period - Travis Boyd wins face-off versus Leo Carlsson in Sharks zone.
8:26 of 2nd period - Miro Heiskanen is hit by Calvin De Haan and loses puck.
8:31 of 2nd period - Snap shot by Lukas Reichel.
8:31 of 2nd period - Goal by Lukas Reichel - Lightning : 1 - Sharks : 3.
8:32 of 2nd period - Robert Thomas wins face-off versus Connor McDavid in neutral zone.
8:57 of 2nd period - Nikita Zadorov is hit by Joshua Norris and loses puck.
9:49 of 2nd period - Snap shot by Kasperi Kapanen.
9:49 of 2nd period - Stopped by Joseph Woll with a rebound.
10:03 of 2nd period - Shea Theodore is hit by Riley Stillman and loses puck.
10:08 of 2nd period - Slapshot by Miro Heiskanen.
10:08 of 2nd period - Shot Blocked by Robert Thomas.
10:32 of 2nd period - Calvin De Haan is hit by Logan O'Connor and loses puck.
10:47 of 2nd period - Brett Kulak is hit by Martin Necas.
11:43 of 2nd period - Snap shot by Filip Chytil.
11:43 of 2nd period - Stopped by Ukko-Pekka Luukkonen without a rebound.
11:44 of 2nd period - Frederick Gaudreau wins face-off versus Mason McTavish in Sharks zone.
11:51 of 2nd period - Slapshot by Shea Theodore.
11:51 of 2nd period - Shot Blocked by Nikita Zadorov.
12:12 of 2nd period - Icing by Miro Heiskanen.
12:13 of 2nd period - Klim Kostin wins face-off versus Robert Thomas in Lightning zone.
12:40 of 2nd period - Zachary Werenski is hit by Calvin De Haan and loses puck.
12:46 of 2nd period - Icing by William Carrier.
12:47 of 2nd period - Morgan Geekie wins face-off versus Mason McTavish in Lightning zone.
12:55 of 2nd period - Wrist shot by Morgan Geekie.
12:55 of 2nd period - Shot Misses the Net.
12:57 of 2nd period - Slapshot by Morgan Geekie.
12:57 of 2nd period - Shot Misses the Net.
12:59 of 2nd period - Snap shot by Zachary Werenski.
12:59 of 2nd period - Deflect By Shea Theodore.
12:59 of 2nd period - Stopped by Ukko-Pekka Luukkonen with a rebound.
13:01 of 2nd period - Slapshot by Morgan Geekie.
13:01 of 2nd period - Shot Misses the Net.
13:03 of 2nd period - Snap shot by Morgan Geekie.
13:03 of 2nd period - Shot Blocked by Boone Jenner.
13:05 of 2nd period - Slapshot by Zach Whitecloud.
13:05 of 2nd period - Stopped by Ukko-Pekka Luukkonen with a rebound.
13:07 of 2nd period - Slapshot by Zach Whitecloud.
13:07 of 2nd period - Deflect By Shea Theodore.
13:07 of 2nd period - Goal by Zach Whitecloud - Lightning : 2 - Sharks : 3.
13:08 of 2nd period - Robert Thomas wins face-off versus Frederick Gaudreau in neutral zone.
14:41 of 2nd period - Backhand shot by Shea Theodore.
14:41 of 2nd period - Stopped by Joseph Woll with a rebound.
15:41 of 2nd period - Joseph Veleno is hit by Zach Whitecloud.
16:11 of 2nd period - Snap shot by Evgeni Dadonov.
16:11 of 2nd period - Shot Misses the Net.
17:04 of 2nd period - Wrist shot by Dylan Larkin.
17:04 of 2nd period - Deflect By Robert Thomas.
17:04 of 2nd period - Shot Misses the Net.
17:04 of 2nd period - Puck is out of play.
17:05 of 2nd period - Morgan Geekie wins face-off versus Robert Thomas in Lightning zone.
17:05 of 2nd period - Morgan Geekie is hit by Brett Kulak.
17:11 of 2nd period - Wrist shot by Miro Heiskanen.
17:11 of 2nd period - Stopped by Ukko-Pekka Luukkonen without a rebound.
17:12 of 2nd period - Robert Thomas wins face-off versus Frederick Gaudreau in Sharks zone.
17:17 of 2nd period - Miro Heiskanen is hit by Calvin De Haan.
17:46 of 2nd period - Snap shot by Mitchell Marner.
17:46 of 2nd period - Shot Misses the Net.
18:59 of 2nd period - Snap shot by Mitchell Marner.
18:59 of 2nd period - Shot Blocked by Brett Kulak.
19:01 of 2nd period - Slapshot by Nikita Zadorov.
19:01 of 2nd period - Stopped by Ukko-Pekka Luukkonen with a rebound.
19:03 of 2nd period - Slapshot by Nikita Zadorov.
19:03 of 2nd period - Stopped by Ukko-Pekka Luukkonen with a rebound.
19:11 of 2nd period - Dylan Larkin is hit by Nikita Zadorov.
19:25 of 2nd period - Slapshot by Nikita Zadorov.
19:25 of 2nd period - Shot Blocked by Brett Kulak.
19:27 of 2nd period - Wrist shot by Evgeni Dadonov.
19:27 of 2nd period - Stopped by Ukko-Pekka Luukkonen without a rebound.
19:28 of 2nd period - Joshua Norris wins face-off versus Leo Carlsson in Sharks zone.
19:30 of 2nd period - Icing by Alex Pietrangelo.
19:31 of 2nd period - Joshua Norris wins face-off versus Leo Carlsson in Sharks zone.
19:36 of 2nd period - Wrist shot by Mason McTavish.
19:36 of 2nd period - Shot Misses the Net.
19:43 of 2nd period - Off-side.
19:44 of 2nd period - Connor McDavid wins face-off versus Travis Boyd in neutral zone.
19:53 of 2nd period - Wrist shot by Connor McDavid.
19:53 of 2nd period - Stopped by Ukko-Pekka Luukkonen with a rebound.
Goals for this period are 1 for Lightning vs 1 for Sharks.
Shots for this period are 16 for Lightning vs 8 for Sharks.

3rd period


0:01 of 3rd period - Joshua Norris wins face-off versus Leo Carlsson in neutral zone.
0:26 of 3rd period - William Carrier is hit by Alex Pietrangelo and loses puck.
0:33 of 3rd period - Wrist shot by Travis Boyd.
0:33 of 3rd period - Stopped by Joseph Woll with a rebound.
1:08 of 3rd period - Backhand shot by K'Andre Miller.
1:08 of 3rd period - Shot Misses the Net.
1:32 of 3rd period - Wrist shot by Mason McTavish.
1:32 of 3rd period - Stopped by Joseph Woll with a rebound.
1:34 of 3rd period - Snap shot by Mason McTavish.
1:34 of 3rd period - Shot Blocked by Leo Carlsson.
1:36 of 3rd period - Slapshot by Justin Braun.
1:36 of 3rd period - Stopped by Joseph Woll with a rebound.
1:46 of 3rd period - Jordan Spence is hit by Lukas Reichel and loses puck.
1:53 of 3rd period - Wrist shot by Lukas Reichel.
1:53 of 3rd period - Stopped by Joseph Woll with a rebound.
1:55 of 3rd period - Snap shot by Travis Boyd.
1:55 of 3rd period - Stopped by Joseph Woll with a rebound.
2:05 of 3rd period - Frederick Gaudreau is hit by Dylan Larkin and loses puck.
2:39 of 3rd period - Slapshot by Evgeni Dadonov.
2:39 of 3rd period - Shot Misses the Net.
3:03 of 3rd period - Wrist shot by Boone Jenner.
3:03 of 3rd period - Stopped by Joseph Woll with a rebound.
3:05 of 3rd period - Slapshot by Brett Kulak.
3:05 of 3rd period - Deflect By Frederick Gaudreau.
3:05 of 3rd period - Stopped by Joseph Woll without a rebound.
3:06 of 3rd period - Travis Boyd wins face-off versus Connor McDavid in Lightning zone.
3:13 of 3rd period - Wrist shot by Kasperi Kapanen.
3:13 of 3rd period - Stopped by Joseph Woll without a rebound.
3:14 of 3rd period - Travis Boyd wins face-off versus Connor McDavid in Lightning zone.
3:42 of 3rd period - Snap shot by Kasperi Kapanen.
3:42 of 3rd period - Deflect By Lukas Reichel.
3:42 of 3rd period - Stopped by Joseph Woll with a rebound.
4:29 of 3rd period - Snap shot by Zachary Werenski.
4:29 of 3rd period - Stopped by Ukko-Pekka Luukkonen with a rebound.
4:51 of 3rd period - Snap shot by Connor McDavid.
4:51 of 3rd period - Shot Misses the Net.
5:13 of 3rd period - Slapshot by Zachary Werenski.
5:13 of 3rd period - Deflect By Connor McDavid.
5:13 of 3rd period - Stopped by Ukko-Pekka Luukkonen without a rebound.
5:14 of 3rd period - Joshua Norris wins face-off versus Leo Carlsson in Sharks zone.
6:07 of 3rd period - Wrist shot by Joseph Veleno.
6:07 of 3rd period - Shot Misses the Net.
6:12 of 3rd period - Off-side.
6:13 of 3rd period - Joshua Norris wins face-off versus Leo Carlsson in neutral zone.
6:30 of 3rd period - Snap shot by Joshua Norris.
6:30 of 3rd period - Shot Misses the Net.
7:11 of 3rd period - Joseph Veleno is hit by Nikita Zadorov and loses puck.
7:31 of 3rd period - Mitchell Marner is hit by Boone Jenner and loses puck.
7:46 of 3rd period - William Carrier is hit by Shea Theodore and loses puck.
8:39 of 3rd period - Travis Boyd is hit by Mitchell Marner and loses puck.
8:56 of 3rd period - Miro Heiskanen is hit by Robert Thomas and loses puck.
9:25 of 3rd period - Slapshot by Boone Jenner.
9:25 of 3rd period - Stopped by Joseph Woll with a rebound.
9:37 of 3rd period - Martin Necas is hit by Shea Theodore and loses puck.
10:01 of 3rd period - Zachary Werenski is hit by Brandon Tanev and loses puck.
10:16 of 3rd period - Klim Kostin is hit by Brett Kulak.
10:28 of 3rd period - Minor Penalty to Nicolas Deslauriers for High sticking.
10:29 of 3rd period - Joshua Norris wins face-off versus Mitchell Marner in Lightning zone.
11:06 of 3rd period - Slapshot by Jonathan Huberdeau.
11:06 of 3rd period - Stopped by Joseph Woll with a rebound.
12:05 of 3rd period - Frederick Gaudreau is hit by Brett Kulak and loses puck.
12:28 of 3rd period - Penalty to Nicolas Deslauriers is over, Nicolas Deslauriers is back on ice.
12:36 of 3rd period - Zachary Werenski is hit by Shea Theodore and loses puck.
12:43 of 3rd period - Snap shot by Martin Necas.
12:43 of 3rd period - Shot Blocked by Shea Theodore.
12:57 of 3rd period - Connor McDavid is hit by Brandon Tanev and loses puck.
13:27 of 3rd period - Icing by Oliver Wahlstrom.
13:28 of 3rd period - Robert Thomas wins face-off versus Connor McDavid in Sharks zone.
13:28 of 3rd period - Robert Thomas is hit by Nicolas Deslauriers.
14:09 of 3rd period - Justin Braun is hit by William Carrier and loses puck.
14:16 of 3rd period - Logan O'Connor is hit by Mason McTavish.
14:42 of 3rd period - Mitchell Marner is hit by Justin Braun and loses puck.
14:53 of 3rd period - K'Andre Miller is hit by Nikita Zadorov and loses puck.
15:36 of 3rd period - Snap shot by Joseph Veleno.
15:36 of 3rd period - Stopped by Joseph Woll without a rebound.
15:37 of 3rd period - Logan O'Connor wins face-off versus Brandon Tanev in Lightning zone.
15:37 of 3rd period - Logan O'Connor is hit by Brandon Tanev.
15:43 of 3rd period - Slapshot by Zachary Werenski.
15:43 of 3rd period - Stopped by Ukko-Pekka Luukkonen with a rebound.
15:45 of 3rd period - Slapshot by Zachary Werenski.
15:45 of 3rd period - Shot Blocked by K'Andre Miller.
15:47 of 3rd period - Slapshot by Zach Whitecloud.
15:47 of 3rd period - Stopped by Ukko-Pekka Luukkonen with a rebound.
15:49 of 3rd period - Snap shot by William Carrier.
15:49 of 3rd period - Stopped by Ukko-Pekka Luukkonen with a rebound.
15:51 of 3rd period - Wrist shot by Morgan Geekie.
15:51 of 3rd period - Shot Misses the Net.
15:53 of 3rd period - Slapshot by Zachary Werenski.
15:53 of 3rd period - Stopped by Ukko-Pekka Luukkonen without a rebound.
15:54 of 3rd period - Connor McDavid wins face-off versus Travis Boyd in Sharks zone.
16:05 of 3rd period - Snap shot by Connor McDavid.
16:05 of 3rd period - Shot Misses the Net.
16:19 of 3rd period - K'Andre Miller is hit by Morgan Geekie and loses puck.
16:32 of 3rd period - Snap shot by William Carrier.
16:32 of 3rd period - Stopped by Ukko-Pekka Luukkonen without a rebound.
16:33 of 3rd period - Travis Boyd wins face-off versus Frederick Gaudreau in Sharks zone.
16:45 of 3rd period - Snap shot by Travis Boyd.
16:45 of 3rd period - Stopped by Joseph Woll with a rebound.
16:47 of 3rd period - Slapshot by Alex Pietrangelo.
16:47 of 3rd period - Stopped by Joseph Woll without a rebound.
16:48 of 3rd period - Robert Thomas wins face-off versus Morgan Geekie in Lightning zone.
17:03 of 3rd period - Snap shot by Logan O'Connor.
17:03 of 3rd period - Shot Blocked by Justin Braun.
17:24 of 3rd period - Slapshot by Dylan Larkin.
17:24 of 3rd period - Shot Blocked by Evgeni Dadonov.
17:26 of 3rd period - Snap shot by Dylan Larkin.
17:26 of 3rd period - Stopped by Joseph Woll without a rebound.
17:27 of 3rd period - Travis Boyd wins face-off versus William Carrier in Lightning zone.
17:28 of 3rd period - Snap shot by Lukas Reichel.
17:28 of 3rd period - Deflect By Kasperi Kapanen.
17:28 of 3rd period - Shot Misses the Net.
17:28 of 3rd period - Puck is out of play.
17:29 of 3rd period - Morgan Geekie wins face-off versus Travis Boyd in Lightning zone.
17:59 of 3rd period - Boone Jenner is hit by Nicolas Deslauriers and loses puck.
18:06 of 3rd period - Nicolas Deslauriers is hit by Mason McTavish and loses puck.
19:29 of 3rd period - Wrist shot by Boone Jenner.
19:29 of 3rd period - Shot Blocked by Zachary Werenski.
19:37 of 3rd period - Lightning, Joseph Woll is pulled from the net.
19:47 of 3rd period - Wrist shot by Martin Necas.
19:47 of 3rd period - Stopped by Ukko-Pekka Luukkonen without a rebound.
19:48 of 3rd period - Darryl Sutter call a timeout for Lightning.
19:48 of 3rd period - Dylan Larkin wins face-off versus Connor McDavid in Sharks zone.
19:52 of 3rd period - Off-side.
19:53 of 3rd period - Connor McDavid wins face-off versus Dylan Larkin in neutral zone.
Goals for this period are 0 for Lightning vs 0 for Sharks.
Shots for this period are 8 for Lightning vs 15 for Sharks.




Output by the SimonT Hockey Simulator (STHS) for Eric Tremblay - Original Page W3C HTML5 Valid
Hockey Simulator - Hockey Simulation - Hockey Manager